 Dungeon Crawl Stone Soup version 0.28.0-45-g0d030f2227 (webtiles) character file.

Game seed: 17939809022398911246

1131 Peloso the Slasher (level 8, -5/69 HPs)
             Began as a Minotaur Fighter on Apr 15, 2022.
             Slain by a gnoll sergeant
             ... wielding a +2 spear of venom
              (7 damage)
             ... on level 4 of the Dungeon.
             The game lasted 00:06:41 (4226 turns).

Peloso the Slasher (Minotaur Fighter)               Turns: 4226, Time: 00:06:42

Health: -5/69      AC: 10    Str: 20    XL:     8   Next: 13%
Magic:  7/7        EV:  8    Int:  5    God:
Gold:   270        SH:  5    Dex: 13    Spells: 7/7 levels left

rFire   . . .      SeeInvis .   a - +0 long sword
rCold   . . .      Faith    .   c - +0 buckler
rNeg    . . .      Spirit   .   e - +0 chain mail
rPois   .          Reflect  .   (helmet restricted)
rElec   .          Harm     .   (no cloak)
rCorr   .          Rampage  .   (no gloves)
Will    .....                   (no boots)
Stlth   ..........              (no amulet)
HPRegen 0.21/turn               (no ring)
MPRegen 0.10/turn               (no ring)

@: lethally poisoned (-5 -> -24)
A: horns 2, retaliatory headbutt
a: no special abilities


You were on level 4 of the Dungeon.
You visited 1 branch of the dungeon, and saw 5 of its levels.

You collected 270 gold pieces.

Inventory:

Hand Weapons
 a - a +0 long sword (weapon)
Armour
 b - a +0 scale mail
 c - a +0 buckler (worn)
 e - a +0 chain mail (worn)
Jewellery
 j - a +4 ring of evasion
 o - an amulet of magic regeneration
Wands
 f - a wand of digging (6)
 l - a wand of flame (10)
Scrolls
 g - 3 scrolls of amnesia
 m - 2 scrolls of teleportation
 n - 2 scrolls of vulnerability {unknown}
Potions
 d - a potion of might
 h - 2 potions of ambrosia
 i - 2 potions of heal wounds
 p - 2 potions of curing {unknown}


   Skills:
 + Level 5.4 Fighting
 + Level 7.6 Long Blades
 + Level 6.8 Armour
 + Level 1.2 Dodging
 + Level 0.1 Stealth
 + Level 6.2 Shields


You had 7 spell levels left.
You didn't know any spells.
Your spell library contained the following spells:

 Spells                   Type           Power      Damage    Failure   Level
 Beastly Appendage        Tmut           0%         N/A       99%         1
 Wereblood                Tmut           0%         N/A       100%        2
 Spider Form              Tmut/Pois      0%         N/A       100%        3


Dungeon Overview and Level Annotations

Branches:
Dungeon (5/15)
 Temple: D:4-7

Altars:

Annotations:
D:3 1 runed translucent door, 101zpm's ghost, novice DjIE


Innate Abilities, Weirdness & Mutations

You have a pair of horns on your head.
You reflexively headbutt those who attack you in melee.


Message History

You feel sick.
You closely miss the scorpion.
You feel sick.
You are no longer poisoned.
The scorpion stings you.
The gnoll sergeant hits you from afar with a +2 spear of venom.
You slash the scorpion!
The scorpion is heavily wounded.
The scorpion barely misses you. You furiously retaliate!
You headbutt the scorpion.
The gnoll sergeant hits you but does no damage.
You are poisoned.
You hit the scorpion.
The scorpion is almost dead.
You feel sick.
The scorpion stings you but does no damage.
The gnoll sergeant barely misses you. The scorpion barely misses you.
You closely miss the scorpion. Your headbutt misses the scorpion.
The scorpion is almost dead.
You feel sick. You block the scorpion's attack.
The gnoll sergeant hits you from afar with a +2 spear of venom.
You are more poisoned.
You hit the scorpion.
You kill the scorpion!
You feel very sick.
The gnoll sergeant hits you from afar with a +2 spear of venom.
You feel very sick.
The gnoll sergeant hits you but does no damage.
You are more poisoned.
You closely miss the gnoll sergeant.
* * * LOW HITPOINT WARNING * * *
You feel very sick.
The gnoll sergeant hits you with a +2 spear of venom!
* * * LOW HITPOINT WARNING * * *
You are more poisoned.
You hit the gnoll sergeant but do no damage.
You headbutt the gnoll sergeant, but do no damage.
* * * LOW HITPOINT WARNING * * *
You feel very sick.
The gnoll sergeant hits you with a +2 spear of venom!
You die...

#####.........# #..######.#...##
..............###......##...#..##
..............#........##.#......
..............#.###....##.#....[.
............>.#.# #....##.#......
..............#.# #)>..##.#......
#####.........#.# #....##.#......
...........########g...##).......
########.....)..@g#....#.....####
#######.##............#
#..########.....# #....# #.....#
# #....# #.....# ######## #....#
#.....# .......#######....#
####### ######............#
#########....#


You could see a gnoll sergeant.

Vanquished Creatures
  An ice beast (D:4)
  A necrophage (D:4)
  2 black bears (D:4)
  An ogre (D:4)
  A bullfrog (D:3)
  3 scorpions
  A howler monkey (D:5)
  A centaur zombie (D:5)
  2 hounds (D:4)
  2 jellies (D:4)
  A hound zombie (D:3)
  4 gnolls
  8 adders
  An ufetubus (D:2)
  6 worms
  4 adder skeletons
  2 dart slugs (D:3)
  4 orcs
  6 endoplasms
  2 giant cockroaches
  7 goblins
  7 hobgoblins
  3 jackals (D:2)
  A quokka (D:1)
  10 ball pythons
  7 bats
  4 frilled lizards
  10 kobolds
  5 rats
  A toadstool (D:3)
108 creatures vanquished.

Vanquished Creatures (others)
  4 fungi (D:3)
  3 toadstools (D:3)
  A withered plant (D:3)
8 creatures vanquished.

Grand Total: 116 creatures vanquished

Notes
Turn   | Place    | Note
-------+----------+-------------------------------------------
     0 | D:1      | Peloso the Minotaur Fighter began the quest for the Orb.
     0 | D:1      | Reached XP level 1. HP: 19/19 MP: 0/0
    62 | D:1      | HP: 1/20 [goblin/+0 dagger (2)]
   439 | D:1      | Reached XP level 2. HP: 27/27 MP: 1/1
   471 | D:1      | Reached skill level 3 in Long Blades
   539 | D:1      | Found a faded altar of an unknown god.
  1324 | D:2      | Reached XP level 3. HP: 31/33 MP: 2/2
  1713 | D:2      | Reached skill level 4 in Long Blades
  1713 | D:2      | Reached XP level 4. HP: 40/40 MP: 3/3
  2306 | D:3      | Found a runed translucent door.
  2312 | D:3      | Noticed 101zpm's ghost (novice DjIE)
  2424 | D:3      | Noticed a bullfrog
  2437 | D:3      | Killed a bullfrog
  2438 | D:3      | Reached skill level 5 in Long Blades
  2438 | D:3      | Reached XP level 5. HP: 27/46 MP: 4/4
  2869 | D:3      | Reached skill level 5 in Armour
  3140 | D:4      | Reached XP level 6. HP: 53/53 MP: 5/5
  3157 | D:4      | You fall into a shaft and drop 1 floor!
  3157 | D:5      | Entered Level 5 of the Dungeon
  3242 | D:5      | Noticed a sky beast
  3244 | D:5      | Noticed a vampire
  3258 | D:5      | Noticed an ice beast
  3357 | D:4      | Reached skill level 5 in Shields
  3357 | D:4      | Reached XP level 7. HP: 57/60 MP: 6/6
  3447 | D:4      | Reached skill level 6 in Long Blades
  3749 | D:4      | Reached skill level 5 in Fighting
  3993 | D:4      | Reached skill level 7 in Long Blades
  4001 | D:4      | Reached skill level 1 in Dodging
  4138 | D:4      | Reached XP level 8. HP: 53/68 MP: 7/7
  4226 | D:4      | HP: 2/69 [poisoned by a gnoll sergeant]
  4226 | D:4      | Slain by a gnoll sergeant

Illustrated notes

Levels and vault maps discovered:
D:1:      dpeg_arrival_round_a, layout_loops_ring, basic_ecumenical_altar,
          st_stairs_2, minmay_misc_feat_four_crosses, minmay_pentomino_u4
D:2:      layout_loops_ring
D:3:      layout_rooms, serial_undead, serial_undead_c, serial_undead_b,
          serial_undead_e, serial_undead_a, ebering_ghost_reflecting_pool,
          chequers_jeans, minmay_gold_behind_fungi
D:4:      layout_rooms, minmay_starry_boxes
D:5:      cheibrodos_fzero, layout_basic, minmay_temple_entry_glass

Skill      XL: |  1  2  3  4  5  6  7 |
---------------+----------------------+-----
Long Blades    | 3 4 5 7 |  7.6
Armour         | 4 5 6 |  6.8
Shields        | 4 5 6 |  6.2
Fighting       | 4 5 |  5.4
Dodging        | 1 |  1.2
Stealth        | |  0.1

Action                   |  1- 3 |  4- 6 |  7- 9 || total
-------------------------+-------+-------+-------++-------
Melee: Long sword        |   104 |   121 |    64 ||   289
       Headbutt          |    11 |    22 |    13 ||    46
  Use: Scroll            |     2 |     3 |     2 ||     7
Armor: Scale mail        |    52 |       |       ||    52
       Chain mail        |    29 |    77 |    32 ||   138
Dodge: Dodged            |    54 |    39 |    31 ||   124
Block: Buckler           |    32 |    31 |    25 ||    88
